 Dungeon Crawl Stone Soup version 0.31-a0-361-g0f8bd3a31e (webtiles) character file.

Game seed: 13590323974825274415

551 AdnanSaban the Cudgeller (level 7, -15/44 HPs)
             Began as a Gargoyle Fighter on July 27, 2023.
             Demolished by an ogre
             ... wielding a +0 giant spiked club
              (27 damage)
             ... on level 4 of the Dungeon.
             The game lasted 00:02:12 (2988 turns).

AdnanSaban the Cudgeller (Gargoyle Fighter)         Turns: 2988, Time: 00:02:13

Health: -15/44     AC: 20    Str: 21    XL:     7   Next: 29%
Magic:  7/7        EV:  6    Int: 12    God:
Gold:   147        SH:  4    Dex:  9    Spells: 6/6 levels left

rFire   . . .        a - +0 flail
rCold   . . .        c - +0 buckler
rNeg    + . .        e - +0 plate armour
rPois   ∞            h - +1 helmet {Int+3}
rElec   +            j - +0 cloak
rCorr   .            (no gloves)
SInv    .            (no boots)
Will    .....        (no amulet) Stlth
                     (no ring)
HPRegen 0.27/turn    (no ring)
MPRegen 0.10/turn

%: no passive effects
@: no status effects
A: sickness immunity, AC +4, negative energy resistance 1, electricity
resistance, torment resistance 1, petrification resistance
a: no special abilities


You were on level 4 of the Dungeon.
You visited 1 branch of the dungeon, and saw 4 of its levels.

You collected 147 gold pieces.

Inventory:

Hand Weapons
 a - a +0 flail (weapon)
Missiles
 o - 4 javelins
Armour
 c - a +0 buckler (worn)
 e - a +0 plate armour (worn)
 h - a +1 helmet of intelligence (worn)
 j - a +0 cloak (worn)
Scrolls
 b - 7 scrolls of identify {unknown}
 f - a scroll of revelation {unknown}
 k - a scroll of teleportation {unknown}
 l - a scroll of noise {unknown}
Potions
 d - 2 potions of might
 g - 2 potions of magic {unknown}
 i - a potion of enlightenment {unknown}
 m - 4 potions of curing {unknown}
 n - a potion of heal wounds {unknown}


   Skills:
 + Level 5.1 Fighting
 + Level 5.3 Maces & Flails
 + Level 4.9 Armour
 + Level 0.3 Dodging
 + Level 4.2 Shields


You had 6 spell levels left.
You didn't know any spells.
Your spell library contained the following spells:

 Spells                   Type           Power      Damage    Failure   Level
 Gell's Gravitas          Tloc           0%         N/A       100%        3
 Ignite Poison            Fire/Tmut/Pois 0%         N/A       100%        3
 Teleport Other           Tloc           0%         N/A       100%        3
 Sticky Flame             Conj/Fire      0%         2d3       100%        4
 Dispersal                Tloc           0%         N/A       100%        6
 Ignition                 Fire           0%         3d3       100%        8


Dungeon Overview and Level Annotations

Branches:
Dungeon (4/15)
 Temple: D:4-7

Altars:
Fedhas


Innate Abilities, Weirdness & Mutations

You are immune to sickness and miasma.
Your stone body is resilient. (AC +4)
You are immune to poison.
You resist negative energy. (rN+)
You are resistant to electric shocks. (rElec)
You are resistant to unholy torment.
You are immune to petrification.


Message History

An iguana comes into view.
There are monsters nearby!
There are monsters nearby!
The ogre hits you with a +0 giant spiked club!!
You sock the iguana!
The iguana is heavily wounded.
The iguana bites you but does no damage.
You hit the iguana.
The iguana is almost dead.
The ogre hits you with a +0 giant spiked club!
* * * LOW HITPOINT WARNING * * *
You block the iguana's attack.
You are too injured to fight recklessly!
You are too injured to fight recklessly!
You are too injured to fight recklessly!
You are too injured to fight recklessly!
You are too injured to fight recklessly!
You are too injured to fight recklessly!
You are too injured to fight recklessly!
You are too injured to fight recklessly!
You are too injured to fight recklessly!
You are too injured to fight recklessly!
You are too injured to fight recklessly!
You are too injured to fight recklessly!
You are too injured to fight recklessly!
You are too injured to fight recklessly!
You are too injured to fight recklessly!
You are too injured to fight recklessly!
You are too injured to fight recklessly!
You are too injured to fight recklessly!
You are too injured to fight recklessly!
You are too injured to fight recklessly!
You are too injured to fight recklessly!
Unknown command.
The iguana attacks as you move away!
The iguana bites you but does no damage.
The ogre attacks as you move away!
The ogre hits you with a +0 giant spiked club!!
Ouch! That really hurt!
You die...

#####....# #.........
##........# #........# #
##!......# ## .# #.......#
.## #.## #.lO..# ..## #..#
##.@..# ...## #..# ##....##
#...###..####....##
##...#..........###
#................##
##.......##.......##
##.......##........#########
##........#..................
##.......##..........########


You could see an ogre and an iguana.

Vanquished Creatures
  Grinder (D:3)
  Sigmund (D:2)
  Jessica (D:3)
  Natasha (thrice) (D:3)
  3 adders
  3 worms
  A dart slug (D:3)
  8 ball pythons
  3 endoplasms
  4 giant cockroaches
  6 goblins
  7 hobgoblins
  2 jackals (D:1)
  7 kobolds
  4 quokkas
  4 bats
  5 frilled lizards
  5 rats
68 creatures vanquished.

Notes
Turn   | Place    | Note
-------+----------+-------------------------------------------
     0 | D:1      | AdnanSaban the Gargoyle Fighter began the quest for the
                  | Orb.
     0 | D:1      | Reached XP level 1. HP: 14/14 MP: 1/1
   396 | D:1      | Reached XP level 2. HP: 19/19 MP: 2/2
   542 | D:1      | Reached XP level 3. HP: 13/23 MP: 3/3
  1088 | D:2      | Reached XP level 4. HP: 29/29 MP: 4/4
  1614 | D:2      | Noticed Sigmund
  1636 | D:2      | Killed Sigmund
  1637 | D:2      | Reached XP level 5. HP: 24/34 MP: 5/5
  1637 | D:2      | Reached XP level 6. HP: 27/39 MP: 6/6
  1768 | D:3      | Noticed Natasha
  1777 | D:3      | Killed Natasha
  1978 | D:3      | Noticed Jessica
  1988 | D:3      | Killed Jessica
  2044 | D:3      | Noticed Natasha
  2056 | D:3      | Killed Natasha
  2143 | D:3      | Noticed Grinder
  2164 | D:3      | Killed Grinder
  2165 | D:3      | Reached skill level 5 in Fighting
  2165 | D:3      | Reached skill level 5 in Maces & Flails
  2165 | D:3      | Reached XP level 7. HP: 29/44 MP: 7/7
  2263 | D:3      | Found a faded altar of an unknown god.
  2343 | D:3      | Noticed Natasha
  2359 | D:3      | Killed Natasha
  2826 | D:4      | Found a blossoming altar of Fedhas.
  2988 | D:4      | Demolished by an ogre

Illustrated notes

Levels and vault maps discovered:
D:1:      dpeg_arrival_central, layout_basic
D:2:      minmay_razor_zed, layout_loops_ring, nicolae_figureground_sparkle,
          uniq_sigmund
D:3:      layout_loops_ring, nicolae_ecumenical_lake_church, uniq_jessica,
          uniq_natasha, uniq_grinder
D:4:      layout_cave_pods, fedhas_ov_isle_minmay, serial_forest,
          infiniplex_forest_clump_tiny, infiniplex_forest_clump_small,
          infiniplex_forest_straight_1, infiniplex_forest_clump_curved

Skill      XL: |  1  2  3  4  5  6 |
---------------+-------------------+-----
Fighting       | 4 5 |  5.1
Armour         | 4 |  4.9
Maces & Flails | 4 5 |  5.3
Shields        | 4 |  4.2
Dodging        | |  0.3

Action                     |  1- 3 |  4- 6 |  7- 9 || total
---------------------------+-------+-------+-------++-------
  Melee: Flail             |    95 |   140 |    39 ||   274
 Armour: Plate armour      |    85 |    92 |    38 ||   215
         Scale mail        |     5 |       |       ||     5
  Dodge: Dodged            |    28 |    47 |    16 ||    91
  Block: Buckler           |    24 |    28 |    13 ||    65

Table legend: (Time is in decaauts)
 A = Elapsed time spent in this place.
 B = Non-inter-level travel time spent in this place.
 C = Inter-level travel time spent in this place.
 D = Time resting spent in this place.
 E = Time spent auto-exploring this place.
 F = Levels seen in this place.
 G = Mean time per level.
                   A        B        C        D        E       F      G
               +--------+--------+--------+--------+--------+-----+--------+
         Total |   3060 |   2901 |    159 |      0 |   2324 |   4 |  765.0 |
       Dungeon |   3060 |   2901 |    159 |      0 |   2324 |   4 |  765.0 |
               +--------+--------+--------+--------+--------+-----+--------+

Top non-repeatable levels by time:
     D:3: 1008 daAuts
     D:1: 910 daAuts
     D:2: 842 daAuts
     D:4: 299 daAuts
